Map: Terraform LE (Void)

Players

Arthur

  • Race: Protoss Protoss
  • League: Diamond

Spellchansky - Winner!

  • Race: Protoss Protoss
  • League: Master

Event: ASL Season 5 Prime League LOTV Beta

VOD

Have the link to the VOD?

Description

Time

  • Played on: Sept. 7, 2015, 9:39 p.m.
  • Length: 4:55

All games in this series

Show
View Real Time Build Order
Export as new Build Order

Arthur Protoss 

Build Orders: Mass Adepts 

Get SALT Encoding   

  12  0:00  Probe (Chrono Boost)  
  13  0:13  Pylon  
  13  0:17  Probe (Chrono Boost)  
  14  0:27  Probe (Chrono Boost)  
  15  0:36  Gateway  
  15  0:37  Probe (Chrono Boost)  
  16  0:47  Probe (Chrono Boost)  
  16  0:49  Assimilator  
  17  0:57  Probe (Chrono Boost)  
  17  0:59  Assimilator  
  18  1:07  Probe (Chrono Boost)  
  19  1:17  Probe (Chrono Boost)  
  20  1:24  Cybernetics Core  
  20  1:27  Probe (Chrono Boost)  
  21  1:37  Probe (Chrono Boost)  
  21  1:38  Pylon  
  22  1:48  Probe (Chrono Boost)  
  23  1:58  Warp Gate (Chrono Boost)  
  23  2:01  Mothership Core (Chrono Boost), Adept  
  25  2:07  Pylon  
  27  2:14  Gateway  
  27  2:22  Probe  
  28  2:27  Gateway  
  28  2:28  Adept  
  30  2:36  Gateway  
  30  2:56  Adept  
  32  3:00  Pylon  
  32  3:01  Probe  
  32  3:30  Probe  
  33  3:47  Adept x3  
  39  3:56  Pylon  
  39  3:59  Robotics Facility  
  39  4:02  Pylon  
  39  4:14  Probe  
  40  4:17  Adept x3  
  40  4:19  Adept  
Show
View Real Time Build Order
Export as new Build Order

Spellchansky Protoss - Winner!

Build Orders: 1 Gate Expand, Mass Adepts 

Get SALT Encoding   

  12  0:00  Probe (Chrono Boost)  
  13  0:10  Probe (Chrono Boost)  
  14  0:18  Pylon  
  14  0:21  Probe (Chrono Boost)  
  15  0:36  Probe (Chrono Boost)  
  15  0:37  Gateway  
  16  0:46  Probe (Chrono Boost)  
  16  0:48  Assimilator  
  17  0:56  Probe (Chrono Boost)  
  18  1:07  Probe (Chrono Boost)  
  19  1:19  Nexus  
  19  1:26  Probe (Chrono Boost)  
  19  1:31  Cybernetics Core  
  20  1:35  Assimilator  
  20  1:38  Probe (Chrono Boost)  
  21  1:47  Pylon  
  21  1:48  Probe (Chrono Boost)  
  22  1:58  Probe (Chrono Boost)  
  23  2:05  Warp Gate (Chrono Boost)  
  23  2:09  Mothership Core (Chrono Boost)  
  23  2:13  Pylon  
  25  2:18  Adept  
  27  2:28  Probe  
  28  2:33  Gateway  
  28  2:41  Probe  
  28  2:43  Probe  
  30  2:45  Adept (Chrono Boost)  
  32  2:58  Gateway  
  32  3:03  Probe  
  32  3:05  Probe, Pylon  
  34  3:17  Stalker (Chrono Boost)  
  36  3:23  Probe  
  36  3:26  Pylon  
  37  3:37  Gateway  
  37  3:38  Probe  
  38  3:41  Pylon  
  38  3:48  Probe  
  39  3:50  Probe  
  40  4:00  Probe  
  40  4:02  Probe  
  42  4:05  Adept  
  42  4:06  Adept  
  42  4:09  Adept  
  47  4:12  Probe  
  47  4:14  Probe  
  45  4:24  Probe  
  45  4:26  Adept x2  
  45  4:27  Probe  
  45  4:30  Adept  
  51  4:36  Probe  
  48  4:40  Adept  
  48  4:41  Probe  
  48  4:45  Adept  
Tags
 
Add a new tag
Caveats
  • Supply blocks, unpowered buildings, or Contaminate may cause inaccurate times.
  • Supply counts are checked every 10 seconds.